 Dungeon Crawl Stone Soup version 0.29.1-12-g30fa7ad0bf (webtiles) character file.

Game seed: 16536238571743277300

13834 hawla the Thaumaturge (level 12, 0/89 HPs)
             Began as a Meteoran Ice Elementalist on Jan 5, 2023.
             Was a Follower of Vehumet.
             Shot with an arrow by Nessos (8 damage)
             ... on level 4 of the Lair of Beasts.
             The game lasted 00:24:49 (4381 turns).

hawla the Thaumaturge (Meteoran Ice Elementalist)   Turns: 4381, Time: 00:24:51

Health: 0/89       AC:  9    Str: 11    XL:     12   Next: 70%
Magic:  6/28       EV: 15    Int: 22    God:    Vehumet [*.....]
Gold:   305        SH:  5    Dex: 14    Spells: 9/33 levels left

rFire   . . .      SeeInvis .   A - +1 dagger (distort)
rCold   . . .      Faith    .   (no shield)
rNeg    . . .      Spirit   .   a - +0 robe
rPois   .          Reflect  +   o - +1 helmet
rElec   .          Harm     .   r - +2 cloak {Will+}
rCorr   .          Rampage  .   d - +0 pair of gloves
Will    ++...                   k - +0 pair of boots
Stlth   +.........              E - amulet of reflection
HPRegen 0.24/turn               f - +4 ring of slaying
MPRegen 0.21/turn               i - ring of wizardry

@: lethally poisoned (0 -> -8), freezing walls, glowing
A: sense surroundings 2, otherworldly, glowing, explore regen
a: Renounce Religion


You were on level 4 of the Lair of Beasts.
You worshipped Vehumet.
Vehumet was aware of your devotion.
You visited 3 branches of the dungeon, and saw 13 of its levels.

You collected 439 gold pieces.
You spent 134 gold pieces at shops.

Inventory:

Hand Weapons
 A - a +1 dagger of distortion (weapon)
Armour
 a - a +0 robe (worn)
 d - a +0 pair of gloves (worn)
 k - a +0 pair of boots (worn)
 o - a +1 helmet (worn)
 r - a +2 cloak of willpower (worn)
Jewellery
 f - a +4 ring of slaying (left hand)
 i - a ring of wizardry (right hand)
 x - a +6 ring of dexterity
 E - an amulet of reflection (around neck)
 H - an amulet of magic regeneration
Wands
 b - a wand of light (13)
 F - a wand of roots (5)
Scrolls
 e - a scroll of enchant armour
 g - 4 scrolls of teleportation
 h - a scroll of fear
 q - 5 scrolls of identify
 t - 3 scrolls of amnesia
 u - a scroll of silence {unknown}
 v - 2 scrolls of noise {unknown}
 y - a scroll of enchant weapon {unknown}
 B - a scroll of torment {unknown}
 C - a scroll of blinking {unknown}
 D - a scroll of immolation {unknown}
 I - a scroll of fog {unknown}
Potions
 c - 2 potions of flight {unknown}
 j - 2 potions of haste {unknown}
 l - a potion of berserk rage {unknown}
 m - a potion of resistance
 n - a potion of cancellation
 p - 3 potions of degeneration {unknown}
 w - 2 potions of attraction {unknown}
 z - 2 potions of brilliance {unknown}


   Skills:
 + Level 3.3 Fighting
 + Level 6.3 Short Blades
 - Level 4.8 Staves
 + Level 6.8 Dodging
 - Level 1.4 Stealth
 + Level 11.3 Spellcasting
 + Level 6.0 Conjurations
 + Level 5.9 Necromancy
 + Level 10.1 Translocations
 + Level 9.8 Ice Magic
 + Level 6.8 Air Magic


You had 9 spell levels left.
You knew the following spells:

 Your Spells              Type           Power      Damage    Failure   Level
a - Freeze                Ice            100%       1d11      1%          1
b - Frozen Ramparts       Ice            100%       1d16      1%          3
c - Hailstorm             Conj/Ice       47%        3d11      1%          4
d - Vampiric Draining     Necr           38%        2d8       1%          3
e - Blink                 Tloc           100%       N/A       1%          2
f - Lightning Bolt        Conj/Air       20%        1d35      4%          5
g - Dispersal             Tloc           27%        N/A       5%          6

Your spell library contained the following spells:

 Spells                   Type           Power      Damage    Failure   Level
 Shock                    Conj/Air       100%       1d9       1%          1
 Static Discharge         Conj/Air       40%        3-8/arc   1%          2
 Sublimation of Blood     Necr           38%        N/A       1%          2
 Gell's Gravitas          Tloc           54%        N/A       1%          3
 Ozocubu's Armour         Ice            54%        N/A       1%          3
 Portal Projectile        Hex/Tloc       68%        N/A       1%          3
 Teleport Other           Tloc           54%        N/A       1%          3
 Manifold Assault         Tloc           54%        N/A       1%          5
 Slow                     Hex            48%        N/A       2%          1
 Ice Form                 Ice/Tmut       34%        N/A       2%          4
 Summon Ice Beast         Ice/Summ       34%        N/A       2%          4
 Wereblood                Tmut           12%        N/A       3%          2
 Iskenderun's Battlesphe  Conj           38%        2d9       4%          5
 Call Canine Familiar     Summ           12%        N/A       6%          3
 Confusing Touch          Hex            12%        N/A       6%          3
 Fireball                 Conj/Fire      12%        3d7       16%         5
 Leda's Liquefaction      Hex/Erth       6%         N/A       21%         4
 Conjure Ball Lightning   Conj/Air       20%        3x3d6     22%         6
 Orb of Destruction       Conj           19%        9d8       80%         7
 Storm Form               Tmut/Air       13%        N/A       98%         7
 Summon Hydra             Summ           6%         N/A       100%        7
 Maxwell's Capacitive Co  Air            21%        ∞         100%        8


Dungeon Overview and Level Annotations

Branches:
Dungeon (9/15) Zot: 1594   Temple (1/1) D:6 Zot: 466    Lair (4/5) D:9 Zot: 1370
  Swamp: Lair:2-3    Shoals: Lair:2-3     Snake: Lair:2-3    Spider: Lair:2-3
  Slime: Lair:4-5       Orc: D:9-12

Altars:
Ashenzari
Cheibriados
Elyvilon
Fedhas
Gozag
Hepliaklqana
Kikubaaqudgha
Makhleb
Nemelex Xobeh
Qazlal
Ru
Sif Muna
Trog
Uskayaw
Vehumet
Wu Jian
Xom
Yredelemnul
Zin
The Shining One

Shops:
D:9 [

Annotations:
Lair:2 exclusion: oklob plant
Lair:4 Nessos


Innate Abilities, Weirdness & Mutations

You passively map the area around you.
You are easily found by Zot.
You glow in the dark.
You regain HP and MP as you explore.


Message History

The bolt of lightning hits Nessos but does no damage.
Nessos is lightly wounded.
You hear an angry hiss.
The cane toad stings you but does no damage.
Casting: Lightning Bolt (dangerous; 4% risk of failure)
Confirm with . or Enter, or press ? or * to list all spells.
Casting: Frozen Ramparts (safe; 1% risk of failure)
Press: ? - help, Dir - look around, f - activate The walls around you are covered in ice.
Nessos casts a spell.
Nessos blinks!
The wall freezes the cane toad but does no damage.
The cane toad closely misses you.
Casting: Frozen Ramparts (safe; 1% risk of failure)
Confirm with . or Enter, or press ? or * to list all spells.
Aiming: Lightning Bolt (dangerous; 4% risk of failure)
Press: ? - help, Shift-Dir - straight line, f - cane toad
Aim: a cane toad (moderately wounded, 69% to hit)
You hear a mighty clap of thunder!
The bolt of lightning hits the cane toad!
The cane toad is severely wounded.
The bolt of lightning hits Nessos!
Nessos is moderately wounded.
The wall freezes the cane toad!
The cane toad seems to slow down.
The cane toad stings you!!
* * * LOW HITPOINT WARNING * * *
You are poisoned.
The cane toad poisons you!
Nessos casts a spell.
Nessos seems to speed up.
The wall freezes the cane toad.
You kill the cane toad!
Vehumet accepts your kill.
Unknown command.
You feel better.
Nessos gestures wildly while chanting.
Nessos blinks!
Nessos shoots an arrow.
The arrow hits you!
* * * LOW HITPOINT WARNING * * *
The arrow burns you!
You are lethally poisoned!
You die...

...........#.....# , ,
###.......##*#...# , , ,
#..P.....# #...####. , ,
##......## #........ , ,
##.....## #........ ,
#.......####........ ,
#P........<......... ,
##.............##* , ,
##....#####@...#** , ,
##....### #†[.cP# ,
##.......# ...>..#,,
#####...........§..#....
,
#.##....................
, , ,
................§.......
,,
........................
,,,
..............##.....##
, , , #.P#..........#*,*
, * , , ,


You could see Nessos (fast).

Vanquished Creatures
  A two-headed ogre (D:9)
  Pikel (D:8)
  4 cane toads
  2 komodo dragons
  A rime drake (Lair:1)
  A hornet (D:7)
  3 blink frogs (Lair:4)
  3 wyverns
  16 yaks
  A basilisk (Lair:2)
  An acid dragon (D:9)
  3 water moccasins
  Duvessa (D:4)
  2 black bears
  2 orc warriors (D:9)
  An ogre (D:7)
  A centaur (D:7)
  17 wolves
  A lemure (D:8)
  2 kobold brigands
  6 bullfrogs
  2 scorpions
  2 necrophages
  5 wights (D:7)
  Dowan (D:4)
  3 killer bees (D:9)
  3 howler monkeys (D:7)
  An orc priest (D:7)
  2 jellies
  Crazy Yiuf (D:4)
  An iguana (D:7)
  2 orc wizards
  An adder (D:4)
  A gnoll (D:1)
  A white imp (D:8)
  A worm (D:4)
  3 dart slugs
  21 orcs
  A ball python (D:1)
  5 endoplasms
  A giant cockroach (D:2)
  3 goblins
  2 hobgoblins
  6 jackals
  A quokka (D:2)
  2 bats
  10 kobolds
  A rat (D:1)
153 creatures vanquished.

Vanquished Creatures (others)
  10 fungi
  7 plants
17 creatures vanquished.

Grand Total: 170 creatures vanquished

Notes
Turn   | Place    | Note
-------+----------+-------------------------------------------
     0 | D:1      | hawla the Meteoran Ice Elementalist began the quest for the
                  | Orb.
     0 | D:1      | Reached XP level 1. HP: 14/14 MP: 5/5
   177 | D:1      | Reached XP level 2. HP: 15/20 MP: 2/6
   208 | D:1      | Reached skill level 3 in Spellcasting
   209 | D:1      | Reached skill level 5 in Ice Magic
   209 | D:1      | Reached XP level 3. HP: 26/26 MP: 3/8
   380 | D:3      | Learned a level 3 spell: Frozen Ramparts
   394 | D:3      | Reached XP level 4. HP: 33/33 MP: 4/9
   433 | D:4      | Noticed a scorpion
   444 | D:3      | Learned a level 4 spell: Hailstorm
   447 | D:4      | Killed a scorpion
   448 | D:4      | Reached XP level 5. HP: 38/38 MP: 7/10
   472 | D:4      | Found a stormy altar of Qazlal.
   472 | D:4      | Found a shimmering blue altar of Sif Muna.
   624 | D:4      | Found a runed translucent door.
   625 | D:4      | Noticed Crazy Yiuf
   672 | D:4      | Killed Crazy Yiuf
   727 | D:4      | Noticed Duvessa
   727 | D:4      | Noticed Dowan
   746 | D:4      | Killed Duvessa
   747 | D:4      | Reached skill level 5 in Conjurations
   747 | D:4      | Reached XP level 6. HP: 41/45 MP: 2/12
   751 | D:4      | Killed Dowan
   812 | D:4      | You fall into a shaft and drop 3 floors!
   812 | D:7      | Found a glowing golden altar of the Shining One.
   815 | D:7      | Found a burning altar of Makhleb.
   843 | D:7      | Learned a level 3 spell: Vampiric Draining
   850 | D:7      | Noticed a wyvern
   850 | D:7      | Noticed an ogre
   856 | D:7      | Killed a wyvern
   857 | D:7      | Reached XP level 7. HP: 47/51 MP: 2/13
   940 | D:7      | Reached skill level 4 in Spellcasting
   940 | D:7      | Reached XP level 8. HP: 58/58 MP: 0/15
   943 | D:7      | Learned a level 2 spell: Blink
   961 | D:7      | Reached skill level 1 in Fighting
   961 | D:7      | Reached skill level 1 in Staves
  1004 | D:7      | Found a glowing silver altar of Zin.
  1005 | D:7      | Found a basalt altar of Yredelemnul.
  1006 | D:7      | Noticed a wyvern
  1017 | D:7      | Reached skill level 5 in Spellcasting
  1019 | D:7      | Killed a wyvern
  1147 | D:7      | Reached skill level 6 in Spellcasting
  1147 | D:7      | Gained mutation: You passively map the area around you.
                  | [Meteoran growth]
  1147 | D:7      | Reached XP level 9. HP: 58/64 MP: 2/19
  1254 | D:7      | Noticed a hornet
  1260 | D:7      | Killed a hornet
  1261 | D:7      | Reached skill level 7 in Spellcasting
  1339 | D:8      | Identified the +1 dagger of Melee {freeze, rC+}
  1449 | D:8      | Noticed Pikel
  1463 | D:8      | Killed Pikel
  1464 | D:8      | Reached skill level 5 in Dodging
  1577 | D:8      | Reached XP level 10. HP: 64/74 MP: 14/22
  2006 | D:9      | Reached XP level 11. HP: 81/81 MP: 23/23
  2065 | D:9      | Noticed a two-headed ogre
  2075 | D:9      | Killed a two-headed ogre
  2076 | D:9      | Reached skill level 8 in Spellcasting
  2253 | D:9      | Found Henism's Armour Shop.
  2283 | D:9      | Bought a +0 pair of gloves for 67 gold pieces
  2283 | D:9      | Bought a +0 pair of boots for 67 gold pieces
  2489 | D:9      | Reached skill level 9 in Spellcasting
  2719 | D:9      | Found a staircase to the Lair.
  2993 | D:6      | Found a sparkling altar of Nemelex Xobeh.
  3057 | D:6      | Learned a level 5 spell: Lightning Bolt
  3086 | D:6      | Found a staircase to the Ecumenical Temple.
  3095 | Temple   | Entered the Ecumenical Temple
  3219 | Temple   | Became a worshipper of Vehumet
  3336 | Lair:1   | Entered Level 1 of the Lair of Beasts
  3344 | Lair:1   | Learned a level 6 spell: Dispersal
  3446 | Lair:1   | Reached skill level 10 in Translocations
  3512 | Lair:1   | Reached skill level 5 in Necromancy
  3516 | Lair:1   | Reached skill level 10 in Spellcasting
  3516 | Lair:1   | Reached XP level 12. HP: 75/89 MP: 2/27
  3850 | Lair:1   | Glimpsed the power of Zot.
  4167 | Lair:3   | Reached * piety under Vehumet
  4167 | Lair:3   | Offered knowledge of Shock by Vehumet.
  4171 | Lair:3   | Reached skill level 11 in Spellcasting
  4373 | Lair:4   | Noticed Nessos
  4381 | Lair:4   | Shot with an arrow by Nessos

Illustrated notes

Levels and vault maps discovered:
D:1:      matt_arrival_los_fun, layout_basic,
          hellmonk_ecumenical_altar_arch_garden, minmay_tripent
D:2:      layout_loops_ring
D:3:      layout_rooms, serial_forest, infiniplex_forest_clump_tiny,
          infiniplex_forest_straight_3, infiniplex_forest_clump_small,
          infiniplex_forest_join, infiniplex_forest_straight_2,
          infiniplex_forest_zigzag_1, infiniplex_forest_straight_4
D:4:      layout_basic, gammafunk_temple_overflow_pools,
          uniq_crazy_yiuf_cottage, uniq_duvessa
D:6:      layout_loops_cross, lemuel_round_altar, lemuel_round_altar,
          minmay_temple_entry_ruins
D:7:      layout_rooms, nicolae_overflow_hidden_temple
D:8:      layout_gridville, uniq_pikel
D:9:      layout_stronghold, grunt_lair_entry_orc_guard_hut, serial_shops, shop
Temple:   dshaligram_water_room_temple
Lair:1:   layout_cave_shapes, minivault_23
Lair:2:   layout_loops_ring, minmay_shoals_entry_lonely_mermaid, basic_altar
Lair:3:   layout_hall_layers, guppyfry_snake_entry_garden,
          nicolae_quartered_pool_medium, grunt_megastairs_4
Lair:4:   layout_gridlike, lemuel_fruit_tree, uniq_nessos

Skill      XL: |  1  2  3  4  5  6  7  8  9 10 11 12 |
---------------+-------------------------------------+-----
Spellcasting   | 3 4 6 7 10 11 | 11.3
Ice Magic      | 5 6 8 9 |  9.8
Conjurations   | 3 5 6 |  6.0
Dodging        | 3 4 5 6 |  6.8
Necromancy     | 3 5 |  5.9
Fighting       | 1 2 3 |  3.3
Staves         | 2 4 |  4.8
Short Blades   | 6 |  6.3
Translocations | 9 10 | 10.1
Air Magic      | 6 |  6.8
Stealth        | |  1.4

Action                   |  1- 3 |  4- 6 |  7- 9 | 10-12 || total
-------------------------+-------+-------+-------+-------++-------
Melee: Staff             |    17 |     6 |       |       ||    23
       Quarterstaff      |       |     6 |    36 |     1 ||    43
       Dagger            |       |       |       |   105 ||   105
 Cast: Freeze            |    22 |    17 |     5 |    35 ||    79
       Frozen Ramparts   |     2 |     6 |    12 |    24 ||    44
       Hailstorm         |       |     4 |    10 |    24 ||    38
       Blink             |       |       |     1 |       ||     1
       Vampiric Draining |       |       |       |    27 ||    27
       Dispersal         |       |       |       |     5 ||     5
       Lightning Bolt    |       |       |       |     4 ||     4
  Use: Scroll            |     1 |     4 |       |     4 ||     9
       Potion            |       |     2 |     3 |     3 ||     8
Armor: Robe              |     6 |    10 |    25 |    46 ||    87
Dodge: Dodged            |    15 |    35 |    43 |    99 ||   192
Block: Other             |       |       |       |     5 ||     5
